 Dungeon Crawl Stone Soup version 0.32-a0-841-g4648e6c457 (webtiles) character file.

Game seed: 9990515436585339753

242 wilfster70 the Chopper (level 5, -2/50 HPs)
             Began as a Mountain Dwarf Monk on Mar 26, 2024.
             Slain by Duvessa
             ... wielding a +0 short sword
              (5 damage)
             ... on level 5 of the Dungeon.
             The game lasted 00:07:04 (2622 turns).

wilfster70 the Chopper (Mountain Dwarf Monk)        Turns: 2622, Time: 00:07:05

Health: -2/50      AC:  3    Str: 15    XL:     5   Next: 82%
Magic:  5/5        EV: 11    Int: 11    God:
Gold:   181        SH:  0    Dex: 12    Spells: 4/4 levels left

rFire   . . .        a - +0 hand axe
rCold   . . .        d - orb {light}
rNeg    . . .        b - +0 robe
rPois   .            (no helmet)
rElec   .            q - +0 cloak
rCorr   .            (no gloves)
SInv    .            (no boots)
Will    +....        e - amulet of the acrobat
Stlth   +            g - ring of willpower
HPRegen 0.28/turn    (no ring)
MPRegen 0.09/turn

%: acrobat
@: brilliant, glowing
A: runic magic, artefact enchanting
a: no special abilities


You were on level 5 of the Dungeon.
You visited 1 branch of the dungeon, and saw 5 of its levels.

You collected 181 gold pieces.

Inventory:

Hand Weapons
 a - a +0 hand axe (weapon)
Missiles
 f - 5 javelins (quivered)
Armour
 b - a +0 robe (worn)
 d - an orb of light (worn)
 q - a +0 cloak (worn)
Jewellery
 e - an amulet of the acrobat (around neck)
 g - a ring of willpower (left hand)
Scrolls
 c - a scroll of vulnerability {unknown}
 h - 2 scrolls of brand weapon {unknown}
 k - a scroll of enchant armour {unknown}
 l - a scroll of silence {unknown}
 m - a scroll of identify {unknown}
 p - a scroll of poison {unknown}
 r - 2 scrolls of blinking {unknown}
Potions
 i - a potion of degeneration {unknown}


   Skills:
 + Level 5.8 Fighting
 - Level 6.0 Axes
 - Level 2.1 Dodging


You had 4 spell levels left.
You didn't know any spells.
Your spell library contained the following spells:

 Spells                   Type           Power      Damage    Failure   Level
 Shock                    Conj/Air       0%         1d3       34%         1
 Slow                     Hex            0%         N/A       34%         1
 Stone Arrow              Conj/Erth      0%         3d7       71%         3
 Swiftness                Air            0%         N/A       71%         3
 Airstrike                Air            0%         2d(0-16)  98%         4
 Animate Armour           Summ/Erth      0%         N/A       98%         4
 Lehudib's Crystal Spear  Conj/Erth      0%         10d2      100%        8


Dungeon Overview and Level Annotations

Branches:
Dungeon (5/15)
 Temple: D:4-7

Altars:

Annotations:
D:5 Dowan, Duvessa


Innate Abilities, Weirdness & Mutations

Your spellcasting is much less encumbered by armour.
You can use scrolls of enchantment on lesser artefacts.


Message History

You hit Duvessa but do no damage. The goblin hits you but does no damage.
Duvessa gestures with her weapon.
Duvessa barely misses you.
You hit the goblin.
You kill the goblin!
You hit Duvessa but do no damage. Duvessa barely misses you.
You hit Duvessa but do no damage. Duvessa hits you with a +0 short sword!
You hit Duvessa but do no damage. Duvessa completely misses you.
You hit Duvessa.
Duvessa is lightly wounded.
You hit Dowan. Dowan hits you with a +0 hand axe. Duvessa barely misses you.
You hit Duvessa.
Duvessa is lightly wounded.
You hit Dowan but do no damage. Dowan misses you. Duvessa barely misses you.
You barely miss Duvessa.
Duvessa is lightly wounded.
You completely miss Dowan. Dowan hits you with a +0 hand axe.
Duvessa hits you with a +0 short sword!
* * * LOW HITPOINT WARNING * * *
You hit Duvessa but do no damage.
Duvessa is lightly wounded.
You barely miss Dowan.
Dowan says, "There's a certain beauty in death, don't you think?"
Dowan closely misses you.
Duvessa says, "Where magic fails, the sword succeeds!"
Duvessa hits you with a +0 short sword.
* * * LOW HITPOINT WARNING * * *
Okay, then.
Unknown command.
Dowan hits you with a +0 hand axe.
* * * LOW HITPOINT WARNING * * *
Duvessa hits you with a +0 short sword.
* * * LOW HITPOINT WARNING * * *
You climb downwards.
There is a stone staircase leading up here.
You hit Dowan but do no damage.
Dowan is lightly wounded.
You hit Duvessa but do no damage. Dowan closely misses you.
Duvessa hits you with a +0 short sword.
You die...

##############
#.....e......#
#....@.......#
#...e....)...#
#............#
#............#
##....##.....#
......##.....#
...[...#......#
.........#......#
.........#......#


You could see Duvessa and Dowan.

Vanquished Creatures
  An ogre (D:5)
  A hound (D:4)
  Jessica (D:3)
  3 adders
  2 ufetubi (D:4)
  3 dart slugs
  2 ribbon worms
  An orc (D:4)
  3 ball pythons
  4 bats
  8 endoplasms
  A giant cockroach (D:1)
  2 hobgoblins
  6 kobolds
  2 quokkas
  2 frilled lizards
  5 goblins
  10 rats
57 creatures vanquished.

Notes
Turn   | Place    | Note
-------+----------+-------------------------------------------
     0 | D:1      | wilfster70 the Mountain Dwarf Monk began the quest for the
                  | Orb.
     0 | D:1      | Reached XP level 1. HP: 19/19 MP: 1/1
   183 | D:1      | Reached skill level 4 in Axes
   183 | D:1      | Reached XP level 2. HP: 25/26 MP: 2/2
   303 | D:1      | Found a faded altar of an unknown god.
   309 | D:1      | Got Plato's Vademecum on Glamour
  1015 | D:2      | Reached XP level 3. HP: 26/33 MP: 3/3
  1378 | D:3      | You fall into a shaft and drop 1 floor!
  1401 | D:4      | Noticed Duvessa
  1864 | D:3      | Reached XP level 4. HP: 18/41 MP: 4/4
  1951 | D:3      | Reached skill level 5 in Axes
  1969 | D:3      | Noticed Jessica
  1977 | D:3      | Killed Jessica
  2447 | D:4      | Reached skill level 5 in Fighting
  2488 | D:4      | Noticed Dowan
  2515 | D:4      | Reached XP level 5. HP: 27/48 MP: 5/5
  2525 | D:5      | Entered Level 5 of the Dungeon
  2550 | D:5      | Noticed an ogre
  2563 | D:5      | Killed an ogre
  2564 | D:5      | Reached skill level 6 in Axes
  2622 | D:5      | Slain by Duvessa

Illustrated notes

Levels and vault maps discovered:
D:1:      minmay_arrival_diagonal_passages, layout_loops_corners,
          shapermc_ecumenical_altar_rom_forum
D:2:      layout_rooms
D:3:      layout_rooms, uniq_jessica
D:4:      layout_basic, uniq_duvessa
D:5:      layout_gridville

Skill      XL: |  1  2  3  4  5 |
---------------+----------------+-----
Axes           | 4 5 6 |  6.0
Fighting       | 4 5 |  5.8
Dodging        | |  2.1

Action                     |  1- 3 |  4- 6 || total
---------------------------+-------+-------++-------
  Melee: Hand axe          |   125 |    71 ||   196
    Use: Potion            |     3 |     3 ||     6
 Armour: Robe              |    69 |    54 ||   123
  Dodge: Dodged            |    76 |    65 ||   141

Table legend: (Time is in decaauts)
 A = Elapsed time spent in this place.
 B = Non-inter-level travel time spent in this place.
 C = Inter-level travel time spent in this place.
 D = Time resting spent in this place.
 E = Time spent auto-exploring this place.
 F = Levels seen in this place.
 G = Mean time per level.
                   A        B        C        D        E       F      G
               +--------+--------+--------+--------+--------+-----+--------+
         Total |   2634 |   2590 |     44 |    515 |    876 |   5 |  526.8 |
       Dungeon |   2634 |   2590 |     44 |    515 |    876 |   5 |  526.8 |
               +--------+--------+--------+--------+--------+-----+--------+

Top non-repeatable levels by time:
     D:1: 894 daAuts
     D:3: 858 daAuts
     D:2: 404 daAuts
     D:4: 390 daAuts
     D:5: 87 daAuts
